 Dungeon Crawl Stone Soup version 0.28.0-43-g3370ac3207 (webtiles) character file.

Game seed: 8524543587122552008

363333 xzight the Peltast (level 22, -10/147 (148) HPs)
             Began as a Gargoyle Fighter on Mar 7, 2022.
             Was the Champion of Okawaru.
             Killed from afar by a titan (13 damage)
             ... with a bolt of lightning
             ... on level 5 of the Vaults.
             The game lasted 01:59:20 (54802 turns).

xzight the Peltast (Gargoyle Fighter)              Turns: 54802, Time: 01:59:21

HP:   -10/147 (148) AC: 49    Str: 28      XL:     22   Next: 49%
MP:   25/31         EV: 21    Int:  9 (11) God:    Okawaru [******]
Gold: 688           SH: 27    Dex: 13      Spells: 21/21 levels left

rFire   + + .      SeeInvis .   b - +4 broad axe (flame)
rCold   . . .      Faith    +   K - +3 tower shield "Hileff" {rC+}
rNeg    + . .      Spirit   .   B - +0 chain mail {rF+}
rPois   ∞          Reflect  .   Q - +1 helmet
rElec   +          Harm     .   X - +1 cloak of Starlight {*Dazzle EV+4 Stlth--}
rCorr   .          Rampage  .   U - +2 pair of gloves {Str+3}
Will    ++...                   d - +0 pair of boots of Liosim {Will+}
Stlth   ..........              x - amulet of faith {!P}
HPRegen 0.34/turn               T - +4 ring of protection
MPRegen 0.22/turn               I - ring "Jisaq" {Fire rPois Stlth+}

@: heroic, finesse-ful, flying, lightly drained
A: sickness immunity, AC +16, big wings, negative energy resistance 1,
electricity resistance, torment resistance 1, petrification resistance,
screaming 1, wild magic 1
}: 2/15 runes: serpentine, barnacled
a: Renounce Religion, Heroism, Finesse, Duel


You were on level 5 of the Vaults.
You worshipped Okawaru.
Okawaru was exalted by your worship.
You visited 7 branches of the dungeon, and saw 37 of its levels.
You visited the Abyss 1 time.
You also visited: Gauntlet and Ice Cave.

You collected 4312 gold pieces.
You spent 3624 gold pieces at shops.


Innate Abilities, Weirdness & Mutations

You are immune to sickness and miasma.
Your stone body is resilient. (AC +16)
You are immune to poison.
Your large and strong wings let you fly.
You resist negative energy. (rN+)
You are resistant to electric shocks. (rElec)
You are resistant to unholy torment.
You are immune to petrification.
You occasionally shout uncontrollably at your foes.
Your spells are a little harder to cast, but a little more powerful.


   Skills:
 + Level 18.9(23.9) Fighting
 - Level 18.0(23.0) Axes
 + Level 19.0(24.0) Armour
 + Level 13.1(18.1) Dodging
 + Level 20.7(25.7) Shields
 - Level 12.0 Invocations


You had 21 spell levels left.
You didn't know any spells.
Your spell library contained the following spells:

 Spells                   Type           Power      Damage    Failure   Level
 Freeze                   Ice            0%         1d3       80%         1
 Magic Dart               Conj           0%         1d3       80%         1
 Sting                    Tmut/Pois      0%         1d3       80%         1
 Blink                    Tloc           0%         N/A       90%         2
 Corpse Rot               Necr/Air       0%         N/A       90%         2
 Ensorcelled Hibernation  Hex/Ice        0%         N/A       90%         2
 Poisonous Vapours        Pois/Air       0%         N/A       90%         2
 Frozen Ramparts          Ice            0%         1d2       98%         3
 Gell's Gravitas          Tloc           0%         N/A       98%         3
 Lesser Beckoning         Tloc           0%         N/A       98%         3
 Mephitic Cloud           Conj/Pois/Air  0%         N/A       98%         3
 Ozocubu's Armour         Ice            0%         N/A       98%         3
 Portal Projectile        Hex/Tloc       0%         N/A       98%         3
 Spider Form              Tmut/Pois      0%         N/A       98%         3
 Teleport Other           Tloc           0%         N/A       98%         3
 Vampiric Draining        Necr           0%         2d6       98%         3
 Anguish                  Hex/Necr       0%         N/A       100%        4
 Dispel Undead            Necr           0%         3d6       100%        4
 Hailstorm                Conj/Ice       0%         3d3       100%        4
 Leda's Liquefaction      Hex/Erth       0%         N/A       100%        4
 Olgreb's Toxic Radiance  Pois           0%         N/A       100%        4
 Agony                    Necr           0%         N/A       100%        5
 Alistair's Intoxication  Tmut/Pois      0%         N/A       100%        5
 Borgnjor's Vile Clutch   Necr/Erth      0%         N/A       100%        5
 Manifold Assault         Tloc           0%         N/A       100%        5
 Dispersal                Tloc           0%         N/A       100%        6
 Eringya's Noxious Bog    Tmut/Pois      0%         N/A       100%        6
 Ozocubu's Refrigeration  Ice            0%         4d5       100%        7
 Borgnjor's Revivificati  Necr           0%         N/A       100%        8
 Call Imp                 Summ           Unusable   N/A       N/A         2
 Call Canine Familiar     Summ           Unusable   N/A       N/A         3
 Animate Dead             Necr           Unusable   N/A       N/A         4
 Death Channel            Necr           Unusable   N/A       N/A         6
 Infestation              Necr           Unusable   N/A       N/A         8

Inventory:

Hand Weapons
 a - a +4 vampiric broad axe
 b - a +4 broad axe of flaming (weapon)
 m - a +7 broad axe of electrocution
Missiles
 C - 9 throwing nets (quivered) {=f}
Armour
 d - the +0 pair of boots of Liosim (worn) {Will+}
   (Okawaru gifted it to you on level 4 of the Lair of Beasts)

   Will:      It increases your willpower.
 B - a +0 chain mail of fire resistance (worn)
 K - the +3 tower shield "Hileff" (worn) {rC+}
   (Okawaru gifted it to you on level 4 of the Lair of Beasts)

   rC:        It protects you from cold.
 Q - a +1 helmet (worn)
 U - a +2 pair of gloves of strength (worn)
 X - the +1 cloak of Starlight (worn) {*Dazzle EV+4 Stlth--}
   (You found it in a Gauntlet)

   It may blind those who miss an attack against the wearer in melee combat.
   EV:        It affects your evasion (+4).
   Stlth:     It makes you much less stealthy.
Jewellery
 c - a ring of protection from cold
 e - a +4 ring of evasion
 j - the amulet of Viot {Acrobat Fly Str+3 Dex-4}
   (You took it off Mennas on level 2 of the Vaults)

   [amulet of the acrobat]

   It increases your evasion while moving and waiting.
   Str:       It affects your strength (+3).
   Dex:       It affects your dexterity (-4).
   Fly:       It grants you flight.
 t - a +4 ring of protection
 x - an amulet of faith (around neck) {!P}
 D - a +6 ring of dexterity
 E - a +4 ring of evasion
 I - the ring "Jisaq" (right hand) {Fire rPois Stlth+}
   (You found it on level 4 of the Snake Pit)

   [ring of fire]

   It enhances your fire magic.
   rF:        It protects you from fire.
   rC:        It makes you vulnerable to cold.
   rPois:     It protects you from poison.
   Stlth:     It makes you more stealthy.
 M - the ring "Fyneg" {rCorr Int+3 SInv}
   (You found it in an ice cave)

   [ring of see invisible]

   Int:       It affects your intelligence (+3).
   SInv:      It lets you see invisible.
   rCorr:     It protects you from acid and corrosion.
 S - a +6 ring of strength
 T - a +4 ring of protection (left hand)
 Z - a ring of wizardry
Wands
 q - a wand of mindburst (13)
 u - a wand of polymorph (23)
 v - a wand of iceblast (20)
 y - a wand of acid (8)
 z - a wand of flame (65)
 H - a wand of digging (6)
 O - a wand of paralysis (24)
Scrolls
 f - 9 scrolls of identify {@r1}
 g - 7 scrolls of magic mapping
 h - a scroll of holy word
 l - a scroll of blinking
 p - 3 scrolls of silence {!r}
 s - 2 scrolls of enchant armour
 A - 3 scrolls of fear
 P - 7 scrolls of fog
Potions
 i - 6 potions of cancellation
 k - 2 potions of berserk rage {!q}
 n - 2 potions of might
 o - 9 potions of mutation
 r - a potion of haste {@q3}
 w - 9 potions of curing {@q1}
Miscellaneous
 V - a phial of floods
 W - a piece from Xom's chessboard (15/15)

Dungeon Overview and Level Annotations

Branches:
Dungeon (15/15)            Temple (1/1) D:5            Lair (6/6) D:11
 Shoals (4/4) Lair:4        Snake (4/4) Lair:4        Slime (0/5) Lair:5
    Orc (2/2) D:11            Elf (0/3) Orc:2        Vaults (5/5) D:13
  Crypt (0/3) Vaults:3     Depths (0/4) D:15          IceCv (visited)
Gauntlet (visited)

Altars:
Ashenzari
Cheibriados
Dithmenos
Elyvilon
Fedhas
Gozag
Hepliaklqana
Kikubaaqudgha
Makhleb
Nemelex Xobeh
Okawaru
Qazlal
Ru
Sif Muna
Trog
Uskayaw
Vehumet
Wu Jian
Xom
Yredelemnul
Zin
The Shining One
Jiyva

Shops:
D:6 (   D:7 [   D:12 ([   D:14 :   Orc:2 !*[*   Snake:2 *:[   Vaults:1 !!!?

Annotations:
D:14 3 runed translucent doors, Qymaymp's ghost, adept GrEE
Lair:2 3 runed translucent doors, fabreeze's ghost, journeyman DEAE
Vaults:5 Boris

▓▓▓▓▓▓▓...[)[..▓▓▓▓▓
..........<<[.......
.........<)[<.......
..........<<[.......
....................
▓▓▓▓▓▓▓▓▓........▓▓▓▓▓
.................▓
▓..▓.▓.▓...▓....▓..▓
...T..oH.@.▓....▓....
...o.▓$▓...▓....▓....
....O.X{)..▓....▓...▓▓
.p..o.o▓CD.▓ ...▓
.....ocO...▓ ..▓
▓▓.........▓
▓.....▓...▓
▓e..▓.....▓
...▓...▓...▓


You could see a tentacled monstrosity, a titan, a golden dragon, a sphinx, a
yaktaur captain, an orc knight, a deep elf annihilator, an ogre mage, a deep
troll earth mage, 2 orc warriors and 2 orcs.


Message History

Okawaru accepts your kill.
The titan waves its arms in wide circles.
The air twists around and strikes you!
You block the tentacled monstrosity's attack. x2
The tentacled monstrosity tentacle-slaps you but does no damage.
The tentacled monstrosity constricts you!
You feel your intelligence returning.
Your base Armour skill increases to level 19!
The tentacled monstrosity's grasp on you weakens, but your attempt to escape fails.
You block the sphinx's attack. The sphinx hits you but does no damage.
You block the sphinx's attack.
A deep elf annihilator comes into view. It is wielding a +0 long sword.
Something hits you but does no damage.
Something touches you but does no damage.
A vault warden comes into view.
It is wielding a +3 broad axe of electrocution.
The tentacled monstrosity tentacle-slaps you but does no damage. x2
You block the tentacled monstrosity's attack.
The tentacled monstrosity constricts you.
The lich mumbles some strange words.
The lich flickers and vanishes!
You escape the tentacled monstrosity's grasp.
The titan points at you and mumbles some strange words.
The bolt of lightning hits you! You resist.
You hear some strange, mumbled words.
An iron shot appears from out of thin air!
The iron shot hits you!!!!
* * * LOW HITPOINT WARNING * * *
The titan casts a spell at you. The bolt of lightning hits you! You resist.
You die...

Skill      XL: |  1  2  3  4  5  6  7  8  9 10 11 12 13 14 15 16 17 18 19 20 21 22 |
---------------+-------------------------------------------------------------------+-----
Axes           | 2 3 4 5 6 8 9 11 12 13 14 16 18 | 18.0
Fighting       | 4 5 6 7 8 9 10 11 12 13 14 15 17 18 | 18.9
Shields        | 4 5 6 7 8 9 11 13 14 15 16 17 18 19 20 | 20.7
Armour         | 4 5 6 7 8 9 10 11 12 13 14 16 17 18 19 | 19.0
Invocations    | 2 5 7 8 9 10 11 12 | 12.0
Dodging        | 4 7 10 11 12 13 | 13.1

Action                   |  1- 3 |  4- 6 |  7- 9 | 10-12 | 13-15 | 16-18 | 19-21 | 22-24 || total
-------------------------+-------+-------+-------+-------+-------+-------+-------+-------++-------
Melee: War axe           |   106 |   119 |   352 |       |       |       |       |       ||   577
       Unarmed           |       |       |     5 |       |       |       |       |       ||     5
       Broad axe         |       |       |    25 |   484 |  1086 |  1883 |  1564 |   315 ||  5357
       Morningstar       |       |       |       |       |    44 |       |       |       ||    44
Invok: Heroism           |       |       |       |     1 |     3 |       |     3 |     2 ||     9
       Finesse           |       |       |       |       |     5 |     8 |     6 |     2 ||    21
Evoke: Wand              |       |       |     9 |     5 |     4 |       |       |       ||    18
  Use: Scroll            |       |     6 |    15 |     6 |    15 |    10 |     5 |     4 ||    61
       Potion            |       |     2 |     3 |     7 |     1 |     1 |    10 |     8 ||    32
 Stab: Distracted        |       |       |       |     5 |     3 |       |       |     1 ||     9
       Paralysed         |       |       |       |     4 |       |       |       |       ||     4
       Invisible         |       |       |       |       |    11 |    39 |    27 |     7 ||    84
Armor: Scale mail        |    56 |    82 |    68 |       |       |       |       |       ||   206
       Skin              |       |       |     2 |       |       |       |       |       ||     2
       Chain mail        |       |       |   287 |   258 |   508 |   558 |   510 |   118 ||  2239
Dodge: Dodged            |    63 |    69 |   148 |   114 |   314 |   720 |   604 |   118 ||  2150
Block: Buckler           |    29 |    34 |   106 |    23 |       |       |       |       ||   192
       Kite shield       |       |       |       |   211 |    75 |       |       |       ||   286
       Tower shield      |       |       |       |       |   983 |  2004 |  1506 |   305 ||  4798

Levels and vault maps discovered:
D:1:      mrwooster_arrival_statue_3, layout_rooms
D:2:      layout_basic, nicolae_ecumenical_pavilion, serial_bayou_ford_a
D:3:      layout_basic
D:4:      layout_basic, uniq_ijyb, uniq_grinder
D:5:      layout_cave_pools, mainiacjoe_overflow_alcove_2,
          minmay_temple_entry_wispy, nicolae_ossuary_entry_false_entrances
D:6:      layout_gridville, nicolae_sif_muna_condensation, serial_shops,
          nicolae_shop_bloodbath_and_beyond
D:7:      layout_loops_corners, serial_shops, shop_coins, due_unseen_surprise
D:8:      layout_rooms, mainiacjoe_overflow_alcove_4, uniq_maggie
D:9:      wad_crossroads, layout_cross, slow_altar_1, grunt_gozag_breadcrumbs,
          nicolae_overflow_hidden_temple
D:10:     layout_basic, nicolae_ru_awakened_eye, uniq_fannar, uniq_josephine,
          uniq_harold
D:11:     layout_loops_ring, erik_lair_dragon, hiddenorc2_lemuel, uniq_erolcha,
          uniq_urug
D:12:     layout_grid_maze, gauntlet_entry_generic, serial_shops,
          nicolae_shop_crystal, nicolae_shop_hallway_plus
D:13:     layout_loops_cross, ximxim_vaults_locker_room, portal_ice_cave_rime
D:14:     layout_loops_ring, gammafunk_ghost_split, grunt_decor_junction,
          nicolae_shop_self_help
D:15:     grunt_enter_depths_snipers, layout_rooms, serial_curves,
          eino_curves_03, eino_curves_04, eino_curves_03, eino_curves_03,
          minivault_27, nicolae_fountain_basement, uniq_rupert
Temple:   minmay_temple_bridge_abc
Lair:1:   layout_big_grid, wad_woods_road_06
Lair:2:   layout_regular_city, gammafunk_ghost_split, uniq_erica
Lair:3:   layout_chaotic_city, infiniplex_staircase_pool, lemuel_fruit_tree
Lair:4:   hellmonk_ruined_rings, layout_loops_ring, shoals_dummy_entry,
          minmay_snake_entry_guardpost_medium
Lair:5:   layout_long_grid, slime_altar_1, hangedman_tree_tricks,
          grunt_megastairs_1
Lair:6:   wormcave, layout_cave_shapes, hangedman_lair_tendril_chambers
Shoals:1: layout_shoals
Shoals:2: layout_shoals
Shoals:3: layout_shoals, uniq_mara
Shoals:4: shoals_end_hellmonk_lost_city, serial_shops
Snake:1:  layout_layer_cave
Snake:2:  layout_basic, minmay_shop_star, grunt_megastairs_4
Snake:3:  layout_chambers, grunt_ministairs_4, serial_bayou_shore_a
Snake:4:  snake_pit_salamanders_mu, layout_cave_town, grunt_megastairs_3,
          uniq_aizul, uniq_mlioglotl
Orc:1:    layout_caves, hellmonk_ghost_happy_afterlife, lightli_orcish_oven
Orc:2:    st_orc_elflike, layout_caves, hangedman_minor_magic
Vaults:1: ontoclasm_vaults_ring_large, vaults_room_hangedman_quadrants,
          hangedman_vaults_nodes, nicolae_vaults_border_crossing,
          vaults_room_hallway, v_misc_24, hangedman_vaults_capsules,
          vaults_room_grid, nicolae_vaults_little_squares_4,
          layout_vaults_quadrants, serial_shops, shop, nicolae_shop_statue_plus,
          shop, nicolae_shop_trees
Vaults:2: gammafunk_ghost_crypt, v_pattern_2, nicolae_vaults_network_quinsquares
          [nicolae_vaults_network_quincunx_subvault,
          nicolae_vaults_network_quincunx_subvault,
          nicolae_vaults_network_quincunx_subvault,
          nicolae_vaults_network_quincunx_subvault], v_alt_pattern_2,
          hangedman_vaults_hat, vaults_dpeg_doors, nicolae_vaults_angled_halls,
          nicolae_vaults_triangles, vaults_room_door_ring, v_misc_33, v_misc_16,
          vaults_dpeg_spiral, hangedman_vaults_corner_blocks,
          vaults_dpeg_diagonal, ontoclasm_vaults_decontamination,
          layout_vaults_omnicross, uniq_boris, uniq_mennas
Vaults:3: minmay_crypt_entry_necro_gods, v_rooms_4, vaults_standard_mumra_x,
          nicolae_vaults_yaktaur_gun_rack, vaults_mumra_chevron_long,
          ontoclasm_vaults_ring_square, v_misc_5, st_lines,
          nicolae_vaults_what_the_h, grunt_vaults_twisty,
          nicolae_vaults_little_squares_3, layout_vaults_ring
Vaults:4: nicolae_vaults_network_barrier, ontoclasm_vaults_ring_large,
          nicolae_vaults_little_squares_6, nicolae_vaults_little_squares_2,
          grunt_vaults_hallway_short, v_misc_19, nicolae_vaults_alarming,
          layout_vaults_chaotic_city, uniq_xtahua
Vaults:5

Notes
Turn   | Place    | Note
-------+----------+-------------------------------------------
     0 | D:1      | xzight the Gargoyle Fighter began the quest for the Orb.
     0 | D:1      | Reached XP level 1. HP: 14/14 MP: 1/1
    92 | D:1      | Reached skill level 2 in Axes
    93 | D:1      | Reached XP level 2. HP: 19/19 MP: 2/2
   519 | D:2      | Reached XP level 3. HP: 23/23 MP: 3/3
   647 | D:2      | Identified the +3 robe of Neryuc {Str+2}
  1020 | D:2      | Found a faded altar of an unknown god.
  1256 | D:2      | Reached XP level 4. HP: 29/29 MP: 4/4
  1606 | D:3      | Reached skill level 3 in Axes
  1669 | D:3      | Reached skill level 4 in Fighting
  1669 | D:3      | Reached skill level 4 in Shields
  1669 | D:3      | Reached XP level 5. HP: 24/33 MP: 5/5
  1770 | D:3      | Reached skill level 4 in Armour
  2213 | D:4      | Noticed Ijyb
  2327 | D:4      | Noticed Grinder
  2331 | D:4      | Paralysed by Grinder for 3 turns
  2359 | D:4      | Paralysed by Grinder for 2 turns
  2373 | D:4      | Paralysed by Grinder for 5 turns
  2382 | D:4      | Paralysed by Grinder for 2 turns
  2390 | D:4      | Paralysed by Grinder for 5 turns
  2403 | D:4      | Paralysed by Grinder for 7 turns
  2415 | D:4      | Killed Grinder
  2416 | D:4      | Reached skill level 4 in Axes
  2416 | D:4      | Reached XP level 6. HP: 28/39 MP: 6/6
  2434 | D:4      | Reached XP level 7. HP: 21/44 MP: 7/7
  3032 | D:5      | Entered Level 5 of the Dungeon
  3070 | D:5      | Found a staircase to the Ecumenical Temple.
  3078 | Temple   | Entered the Ecumenical Temple
  3312 | D:5      | Killed Ijyb
  3313 | D:5      | Reached skill level 5 in Fighting
  3332 | D:5      | Reached skill level 5 in Armour
  3332 | D:5      | Reached skill level 5 in Shields
  3397 | D:4      | Reached skill level 5 in Axes
  3621 | D:5      | Reached XP level 8. HP: 46/50 MP: 8/8
  3776 | D:5      | Found a hazy altar of Hepliaklqana.
  4210 | D:6      | Found a shimmering blue altar of Sif Muna.
  4415 | D:6      | Reached skill level 6 in Axes
  4538 | D:6      | Reached skill level 6 in Fighting
  4538 | D:6      | Reached skill level 6 in Armour
  4538 | D:6      | Reached skill level 6 in Shields
  4902 | D:6      | Found Evualot's Weapon Shoppe.
  5040 | D:6      | Reached XP level 9. HP: 56/56 MP: 9/9
  5350 | D:7      | Reached skill level 7 in Axes
  6634 | D:7      | Reached skill level 7 in Armour
  6697 | D:7      | Reached skill level 7 in Fighting
  6697 | D:7      | Reached skill level 7 in Shields
  6713 | D:7      | Found Ugueh's Antique Armour Shoppe.
  6884 | D:8      | Noticed Maggie
  6894 | D:8      | Killed Maggie
  7082 | D:8      | Reached skill level 8 in Axes
  7135 | D:8      | Noticed a two-headed ogre
  7555 | D:8      | Found a shimmering altar of Xom.
  7622 | D:8      | Noticed a polar bear
  7625 | D:8      | a polar bear changed into a culicivora
  7635 | D:8      | Reached XP level 10. HP: 38/63 MP: 10/10
  8217 | D:9      | Found an opulent altar of Gozag.
  8241 | D:9      | Found a snail-covered altar of Cheibriados.
  8474 | D:9      | Reached skill level 8 in Armour
  8539 | D:9      | Reached skill level 8 in Fighting
  8539 | D:9      | Reached skill level 8 in Shields
  8689 | D:9      | Reached skill level 9 in Axes
  8929 | D:9      | Found a glowing golden altar of the Shining One.
  8932 | D:9      | Found an iron altar of Okawaru.
  9308 | D:10     | Entered Level 10 of the Dungeon
  9414 | D:10     | Identified a potion of resistance
  9484 | D:10     | Noticed Harold
  9512 | D:10     | Killed Harold
  9624 | D:10     | Noticed Fannar
  9655 | D:10     | Killed Fannar
  9656 | D:10     | Reached XP level 11. HP: 28/69 MP: 11/11
  9974 | D:10     | Found a sacrificial altar of Ru.
 10185 | D:10     | Noticed Josephine
 10198 | D:10     | Killed Josephine
 10199 | D:10     | Reached skill level 9 in Fighting
 10199 | D:10     | Reached skill level 10 in Axes
 10199 | D:10     | Reached skill level 9 in Armour
 10199 | D:10     | Reached skill level 9 in Shields
 10647 | D:9      | Found an ancient bone altar of Kikubaaqudgha.
 10647 | D:9      | Found a shadowy altar of Dithmenos.
 10656 | D:9      | Became a worshipper of Warmaster Okawaru
 10731 | D:11     | Noticed a two-headed ogre
 10736 | D:11     | Killed a two-headed ogre
 10736 | D:11     | Noticed a manticore
 10745 | D:11     | Killed a manticore
 10745 | D:11     | Reached * piety under Okawaru
 11118 | D:11     | Found a staircase to the Orcish Mines.
 11530 | D:11     | Noticed a two-headed ogre
 11561 | D:11     | Killed a two-headed ogre
 11609 | D:11     | Reached ** piety under Okawaru
 11609 | D:11     | Noticed Erolcha
 11611 | D:11     | Noticed Urug
 11617 | D:11     | Killed Erolcha
 11618 | D:11     | Reached skill level 1 in Invocations
 11621 | D:11     | Killed Urug
 11918 | D:11     | Reached *** piety under Okawaru
 11930 | D:11     | Reached skill level 2 in Invocations
 11934 | D:11     | Reached skill level 11 in Axes
 12022 | D:11     | Found a staircase to the Lair.
 12390 | Lair:1   | Entered Level 1 of the Lair of Beasts
 12500 | D:11     | Noticed a five-headed hydra
 13041 | Lair:1   | You fall into a shaft and drop 1 floor!
 13115 | Lair:2   | Reached XP level 12. HP: 60/77 MP: 13/13
 13192 | Lair:2   | Noticed fabreeze's ghost (journeyman DEAE)
 13192 | Lair:2   | Noticed a death yak
 13194 | Lair:2   | Found a runed translucent gate.
 13194 | Lair:2   | Found a runed translucent gate.
 13194 | Lair:2   | Found a runed translucent gate.
 13194 | Lair:2   | Noticed a four-headed hydra
 13235 | Lair:2   | Reached **** piety under Okawaru
 13238 | Lair:2   | Reached skill level 3 in Invocations
 13273 | Lair:2   | Reached skill level 10 in Fighting
 13273 | Lair:2   | Reached skill level 10 in Shields
 13329 | Lair:2   | Reached skill level 10 in Armour
 13717 | Lair:2   | Noticed Erica
 13726 | Lair:2   | Killed Erica
 14008 | Lair:2   | Identified a scroll of acquirement
 14008 | Lair:2   | Acquired a manual of Shields
 14027 | Lair:3   | Reached ***** piety under Okawaru
 14289 | Lair:3   | Reached skill level 4 in Invocations
 14985 | Lair:1   | Gained mutation: Your skin changes colour to match your
                  | surroundings (Stealth+). [potion of mutation]
 14986 | Lair:1   | Lost mutation: Your skin changes colour to match your
                  | surroundings (Stealth+). [potion of mutation]
 14986 | Lair:1   | Gained mutation: You are weak. (Str -2) [potion of
                  | mutation]
 14986 | Lair:1   | Lost mutation: You are weak. (Str -2) [potion of mutation]
 14987 | Lair:1   | Gained mutation: You tend to lose your temper in combat.
                  | [potion of mutation]
 14987 | Lair:1   | Gained mutation: You are weak. (Str -2) [potion of
                  | mutation]
 14987 | Lair:1   | Lost mutation: You tend to lose your temper in combat.
                  | [potion of mutation]
 14987 | Lair:1   | Gained mutation: You are covered in fur. (AC +1) [potion of
                  | mutation]
 14988 | Lair:1   | Lost mutation: You are weak. (Str -2) [potion of mutation]
 14988 | Lair:1   | Lost mutation: You are covered in fur. (AC +1) [potion of
                  | mutation]
 14988 | Lair:1   | Gained mutation: You are robust. (+10% HP) [potion of
                  | mutation]
 14988 | Lair:1   | Gained mutation: Your spells are a little harder to cast,
                  | but a little more powerful. [potion of mutation]
 15078 | Lair:4   | Identified the +0 pair of boots of Liosim {Will+} (Okawaru
                  | gifted it to you on level 4 of the Lair of Beasts)
 15078 | Lair:4   | Received a gift from Okawaru
 15101 | Lair:4   | Reached skill level 12 in Axes
 15154 | Lair:4   | Noticed a death yak
 15170 | Lair:4   | Killed a death yak
 15171 | Lair:4   | Noticed a death yak
 15171 | Lair:4   | Noticed a death yak
 15171 | Lair:4   | Noticed a death yak
 15184 | Lair:4   | Killed a death yak
 15185 | Lair:4   | Reached skill level 11 in Shields
 15199 | Lair:4   | Killed a death yak
 15204 | Lair:4   | Killed a death yak
 15205 | Lair:4   | Reached skill level 5 in Invocations
 15568 | Lair:4   | Noticed a catoblepas
 15577 | Lair:4   | Reached XP level 13. HP: 81/92 MP: 16/16
 15582 | Lair:4   | Found a staircase to the Snake Pit.
 16006 | Lair:4   | Reached skill level 11 in Fighting
 16006 | Lair:4   | Reached skill level 11 in Armour
 16619 | Lair:4   | Found a staircase to the Shoals.
 16654 | Lair:4   | Identified the +3 tower shield "Hileff" {rC+} (Okawaru
                  | gifted it to you on level 4 of the Lair of Beasts)
 16654 | Lair:4   | Received a gift from Okawaru
 16764 | Lair:4   | Reached skill level 12 in Shields
 16842 | Lair:4   | Reached skill level 6 in Invocations
 17211 | Lair:5   | Found a blossoming altar of Fedhas.
 17360 | Lair:5   | Reached skill level 13 in Axes
 17618 | Lair:5   | Found a viscous altar of Jiyva.
 17618 | Lair:5   | Found a staircase to the Slime Pits.
 17961 | Lair:6   | Entered Level 6 of the Lair of Beasts
 18001 | Lair:6   | Identified the +0 scale mail "Deropt" {-Cast rN+ Dex+4}
                  | (Okawaru gifted it to you on level 6 of the Lair of Beasts)
 18001 | Lair:6   | Received a gift from Okawaru
 18032 | Lair:6   | Reached ****** piety under Okawaru
 18066 | Lair:6   | Reached skill level 13 in Shields
 18123 | Lair:6   | Reached skill level 7 in Invocations
 18204 | Lair:6   | Gained mutation: Your large and strong wings let you fly.
                  | [Gargoyle growth]
 18204 | Lair:6   | Reached XP level 14. HP: 59/100 MP: 19/19
 18531 | Lair:6   | Reached skill level 12 in Fighting
 18531 | Lair:6   | Reached skill level 12 in Armour
 19106 | Lair:6   | Received a gift from Okawaru
 19202 | Lair:6   | Reached skill level 14 in Axes
 19322 | Lair:6   | Found a runed translucent door.
 19517 | Lair:6   | Reached skill level 14 in Shields
 19522 | Lair:6   | Reached skill level 8 in Invocations
 21392 | D:12     | Found Kecvuar's Armour Shoppe.
 21407 | D:12     | Found a gate leading to a gauntlet.
 21489 | Gauntlet | Entered a Gauntlet
 21489 | Gauntlet | Found a transporter.
 21489 | Gauntlet | Found a runed translucent gate.
 21489 | Gauntlet | Found a transporter.
 21558 | Gauntlet | Found a transporter.
 21558 | Gauntlet | Found a transporter.
 21559 | Gauntlet | Found a runed translucent gate.
 21560 | Gauntlet | Found a runed translucent gate.
 21562 | Gauntlet | Found a transporter.
 21562 | Gauntlet | Found a transporter.
 21600 | Gauntlet | Found a transporter.
 21602 | Gauntlet | Found a transporter.
 21611 | Gauntlet | Found a transporter.
 21630 | Gauntlet | Found a transporter.
 21647 | Gauntlet | Found a transporter.
 21651 | Gauntlet | Found a transporter.
 21655 | Gauntlet | Found a runed translucent door.
 21656 | Gauntlet | Found a runed translucent door.
 21805 | Gauntlet | Received a gift from Okawaru
 21990 | Gauntlet | Found the +1 cloak of Starlight {*Dazzle EV+4 Stlth--}
 22325 | D:12     | Found Suesim's Antique Weapon Boutique.
 23251 | Orc:1    | Entered Level 1 of the Orcish Mines
 23336 | Orc:1    | Noticed Selrock's ghost (journeyman MiFi)
 23347 | Orc:1    | Found a runed translucent door.
 23796 | Orc:1    | Killed Selrock's ghost
 23992 | Orc:2    | Entered Level 2 of the Orcish Mines
 23992 | Orc:2    | Found a staircase to the Elven Halls.
 24234 | Orc:2    | Reached XP level 15. HP: 70/106 MP: 21/21
 24813 | Orc:1    | Reached skill level 15 in Shields
 25070 | Orc:2    | Reached skill level 9 in Invocations
 25443 | Orc:2    | Found Utoa's General Store.
 25443 | Orc:2    | Found Cesire's Distillery.
 25446 | Orc:2    | Found Ajees's Armour Shoppe.
 25451 | Orc:2    | Found Toimudde's Assorted Antiques.
 25453 | Orc:2    | Bought 2 potions of mutation for 224 gold pieces
 25453 | Orc:2    | Bought a potion of heal wounds for 70 gold pieces
 25453 | Orc:2    | Bought a potion of mutation for 112 gold pieces
 25453 | Orc:2    | Bought a potion of heal wounds for 70 gold pieces
 25456 | Orc:2    | Bought a scroll of teleportation for 102 gold pieces
 25591 | Orc:2    | Reached skill level 13 in Fighting
 25591 | Orc:2    | Reached skill level 15 in Axes
 25727 | Orc:2    | Identified the +1 hat of the Nexus {rElec Stlth+}
 25929 | D:11     | Reached skill level 13 in Armour
 26069 | D:13     | Found a frozen archway.
 26093 | IceCv    | Entered an ice cave
 26583 | IceCv    | Identified the ring "Fyneg" {rCorr Int+3 SInv}
 27102 | D:13     | Received a gift from Okawaru
 27456 | D:13     | Found a gate to the Vaults.
 27578 | D:14     | Found a runed translucent gate.
 27578 | D:14     | Found a runed translucent gate.
 27578 | D:14     | Found a runed translucent gate.
 27581 | D:14     | Noticed Qymaymp's ghost (adept GrEE)
 27592 | D:14     | Found Vaikk's Self-Improvement Boutique.
 27718 | D:14     | Received a gift from Okawaru
 28171 | D:14     | Reached skill level 16 in Axes
 28510 | D:15     | Entered Level 15 of the Dungeon
 28553 | D:15     | Noticed Rupert
 28582 | D:15     | Killed Rupert
 28582 | D:15     | Received a gift from Okawaru
 29104 | D:15     | Reached XP level 16. HP: 114/114 MP: 23/23
 29597 | D:15     | Found a staircase to the Depths.
 29925 | Snake:1  | Entered Level 1 of the Snake Pit
 30041 | Snake:1  | Reached skill level 17 in Axes
 31332 | Snake:2  | Found Luni's Assorted Antiques.
 31332 | Snake:2  | Found Izxouscha's Book Emporium.
 31336 | Snake:2  | Found Vuniod's Antique Armour Shoppe.
 31340 | Snake:2  | Bought a scroll of blinking for 217 gold pieces
 31340 | Snake:2  | Bought a pitted brass ring for 145 gold pieces
 31340 | Snake:2  | Identified the ring "Xoodes" {Fly rN+} (You bought it in a
                  | shop on level 2 of the Snake Pit)
 31976 | Snake:2  | Received a gift from Okawaru
 31977 | Snake:2  | Reached skill level 18 in Axes
 32275 | D:14     | Bought a manual of Dodging for 1280 gold pieces
 32879 | Snake:3  | Reached skill level 1 in Dodging
 33045 | Snake:3  | Reached skill level 2 in Dodging
 33213 | Snake:3  | Reached skill level 16 in Shields
 33404 | Snake:3  | Reached skill level 10 in Invocations
 33774 | Snake:3  | Reached skill level 3 in Dodging
 34395 | Snake:4  | Entered Level 4 of the Snake Pit
 34831 | Snake:4  | Received a gift from Okawaru
 34832 | Snake:4  | Reached skill level 4 in Dodging
 34843 | Snake:4  | Reached XP level 17. HP: 98/121 MP: 24/24
 35400 | Snake:4  | Identified the ring "Jisaq" {Fire rPois Stlth+}
 35507 | Snake:4  | Noticed Aizul
 35509 | Snake:4  | Noticed Mlioglotl
 35525 | Snake:4  | Killed Aizul
 35530 | Snake:4  | Killed Mlioglotl
 35639 | Snake:4  | Reached skill level 14 in Armour
 35640 | Snake:4  | Identified the +3 tower shield of Baldness {Int+3} (Okawaru
                  | gifted it to you on level 4 of the Snake Pit)
 35640 | Snake:4  | Received a gift from Okawaru
 35641 | Snake:4  | Reached skill level 14 in Fighting
 35749 | Snake:4  | Reached skill level 5 in Dodging
 36739 | Snake:4  | Reached skill level 11 in Invocations
 36958 | Snake:4  | Reached skill level 6 in Dodging
 38172 | Snake:4  | Received a gift from Okawaru
 38262 | Snake:4  | Reached skill level 17 in Shields
 38279 | Snake:4  | Reached skill level 7 in Dodging
 38351 | Snake:4  | Got a serpentine rune of Zot
 39413 | Snake:2  | Found Luni's Assorted Antiques.
 39429 | Snake:2  | Found Izxouscha's Book Emporium.
 39431 | Snake:2  | Found Vuniod's Antique Armour Shoppe.
 40822 | Shoals:1 | Entered Level 1 of the Shoals
 40850 | Shoals:1 | Received a gift from Okawaru
 40899 | Shoals:1 | Reached XP level 18. HP: 126/128 MP: 26/26
 41306 | Shoals:1 | Reached skill level 15 in Armour
 41435 | Shoals:1 | Reached skill level 12 in Invocations
 41568 | Shoals:1 | Reached skill level 8 in Dodging
 41750 | Shoals:2 | Reached skill level 15 in Fighting
 41821 | Shoals:2 | Identified the +4 demon trident of the Scavenger {flame,
                  | rC- Str+5 Dex+3} (Okawaru gifted it to you on level 2 of
                  | the Shoals)
 41821 | Shoals:2 | Received a gift from Okawaru
 42943 | Shoals:3 | Received a gift from Okawaru
 42981 | Shoals:3 | Reached skill level 9 in Dodging
 43374 | Shoals:3 | Noticed Mara
 43377 | Shoals:3 | Noticed xzight's illusion
 44270 | Shoals:3 | Killed Mara
 44270 | Shoals:3 | Received a gift from Okawaru
 45191 | Shoals:4 | Entered Level 4 of the Shoals
 45391 | Shoals:4 | Reached skill level 18 in Shields
 45470 | Shoals:4 | Reached skill level 10 in Dodging
 45590 | Shoals:4 | Reached skill level 16 in Armour
 45609 | Shoals:4 | Got a barnacled rune of Zot
 45654 | Shoals:4 | Identified the +3 animal skin of Pan-Flutes {rPois rC-
                  | Dex+4} (Okawaru gifted it to you on level 4 of the Shoals)
 45654 | Shoals:4 | Received a gift from Okawaru
 45655 | Shoals:4 | Reached XP level 19. HP: 124/137 MP: 28/28
 45664 | Shoals:4 | Reached skill level 16 in Fighting
 46346 | Vaults:1 | Entered Level 1 of the Vaults
 46431 | Vaults:1 | Found Utzuinom's Distillery.
 46470 | Vaults:1 | Bought 2 potions of might for 152 gold pieces
 46503 | Vaults:1 | Found Goddiecw's Distillery.
 46886 | Vaults:1 | Bought a potion of experience for 1000 gold pieces
 47349 | Vaults:1 | Found Lusegicaqet's Distillery.
 47353 | Vaults:1 | Found Buydi's Magic Scroll Emporium.
 47364 | Vaults:1 | Bought a scroll of enchant armour for 105 gold pieces
 47364 | Vaults:1 | Bought a scroll of enchant weapon for 105 gold pieces
 47364 | Vaults:1 | Bought a scroll of teleportation for 42 gold pieces
 47508 | Vaults:1 | Identified the +0 tower shield "Akloig" {rPois Will++ rCorr
                  | Int-3} (Okawaru gifted it to you on level 1 of the Vaults)
 47508 | Vaults:1 | Received a gift from Okawaru
 47988 | Vaults:1 | Reached skill level 11 in Dodging
 48387 | Vaults:2 | Found a runed translucent gate.
 48387 | Vaults:2 | Found a runed translucent gate.
 48387 | Vaults:2 | Found an ancient bone altar of Kikubaaqudgha.
 48387 | Vaults:2 | Noticed a dread lich
 48387 | Vaults:2 | Noticed casual's ghost (veteran MiMo)
 48388 | Vaults:2 | Found a runed translucent gate.
 48388 | Vaults:2 | Noticed an ancient lich
 48493 | Vaults:2 | Killed an ancient lich
 48494 | Vaults:2 | Reached skill level 17 in Armour
 48494 | Vaults:2 | Reached skill level 19 in Shields
 48499 | Vaults:2 | Noticed a Tzitzimitl
 48513 | Vaults:2 | Killed a dread lich
 48514 | Vaults:2 | Reached skill level 17 in Fighting
 48535 | Vaults:2 | Killed casual's ghost
 48541 | Vaults:2 | Identified the ring of Barepego {rPois Will+}
 48547 | Vaults:2 | Identified the +1 cloak "Qidoaz" {Will+}
 48553 | Vaults:2 | Got Kikubaaqudgha's Handbook of Evil Arts
 48648 | Vaults:2 | Identified the +0 scale mail of Cafru {rElec} (Okawaru
                  | gifted it to you on level 2 of the Vaults)
 48648 | Vaults:2 | Received a gift from Okawaru
 48678 | Vaults:2 | Identified the amulet of Viot {Acrobat Fly Str+3 Dex-4}
 48678 | Vaults:2 | Noticed Mennas
 49074 | Vaults:2 | Reached XP level 20. HP: 147/147 MP: 29/29
 49108 | Vaults:2 | Identified the +1 chain mail "Bywn" {rC+}
 49586 | Vaults:2 | Noticed Boris
 49610 | Vaults:2 | Killed Boris
 49726 | Vaults:2 | Killed Mennas
 50053 | Vaults:2 | Received a gift from Okawaru
 50461 | Vaults:3 | Reached skill level 12 in Dodging
 50599 | Vaults:3 | Received a gift from Okawaru
 50819 | Vaults:3 | Found a staircase to the Crypt.
 50819 | Vaults:3 | Found an ancient bone altar of Kikubaaqudgha.
 50819 | Vaults:3 | Found a basalt altar of Yredelemnul.
 51082 | Vaults:3 | Reached skill level 18 in Armour
 51238 | Vaults:3 | Reached skill level 18 in Fighting
 51595 | Vaults:3 | Reached skill level 20 in Shields
 51957 | Vaults:4 | Noticed Boris
 52010 | Vaults:4 | Killed Boris
 52011 | Vaults:4 | Reached XP level 21. HP: 97/155 MP: 30/30
 52483 | Vaults:4 | Noticed Xtahua
 52505 | Vaults:4 | Received a gift from Okawaru
 52519 | Vaults:4 | Killed Xtahua
 52692 | Vaults:4 | You are cast into the Abyss!
 52692 | Vaults:4 | Cast into level 3 of the Abyss (a wizard)
 52707 | Abyss:3  | Found a hazy altar of Hepliaklqana.
 52943 | Abyss:3  | Reached XP level 22. HP: 64/162 MP: 31/31
 53205 | Abyss:4  | Gained mutation: You occasionally shout uncontrollably at
                  | your foes. [a cacodemon]
 53586 | Abyss:4  | Lost mutation: You are robust. (+10% HP) [a neqoxec]
 53647 | Abyss:4  | Found a corrupted altar of Lugonu.
 53722 | Abyss:4  | Paralysed by accursed screaming for 1 turns
 53735 | Abyss:4  | Paralysed by accursed screaming for 1 turns
 53869 | Vaults:4 | You pass through the gate.
 53869 | Vaults:4 | Escaped the Abyss
 54463 | Vaults:5 | Entered Level 5 of the Vaults
 54480 | Vaults:5 | Received a gift from Okawaru
 54490 | Vaults:5 | Reached skill level 13 in Dodging
 54786 | Vaults:5 | Noticed Boris
 54791 | Vaults:5 | Noticed a golden dragon
 54800 | Vaults:5 | Reached skill level 19 in Armour
 54802 | Vaults:5 | HP: 3/147 [something/iron shot (72)]
 54802 | Vaults:5 | Killed from afar by a titan

Vanquished Creatures
  A dread lich (Vaults:2)
  Mennas (Vaults:2)
  An ancient lich (Vaults:2)
  Mara (Shoals:3)
  Boris (twice) (Vaults:2 Vaults:4)
  Xtahua (Vaults:4)
  The ghost of casual the Hoplite, a veteran MiMo of Hepliaklqana (Vaults:2)
  2 liches (Vaults:2)
  Rupert (D:15)
  Mlioglotl (Snake:4)
  A titan (Vaults:5)
  2 sphinxes
  3 tentacled starspawn
  A storm dragon (Vaults:3)
  2 tengu reavers
  3 nagarajas (Snake:4)
  2 fire giants
  13 vault wardens
  A frost giant (Vaults:5)
  A cacodemon (Abyss:4)
  Aizul (Snake:4)
  The ghost of Selrock the Warrior, a journeyman MiFi of Ashenzari (Orc:1)
  5 very ugly things
  12 ironbound preservers
  A war gargoyle (Vaults:5)
  8 ironbound thunderhulks
  A stone giant (D:15)
  A blizzard demon (Abyss:4)
  7 dire elephants
  4 minotaurs
  3 ettins
  A deep elf death mage (Vaults:5)
  Josephine (D:10)
  5 merfolk impalers
  8 yaktaur captains
  A great orb of eyes (Vaults:2)
  Fannar (D:10)
  2 ice dragons
  33 vault guards
  Harold (D:10)
  7 ironbound frosthearts
  A salamander tyrant (Snake:4)
  4 hydras
  4 boulder beetles
  A catoblepas (Lair:4)
  16 naga warriors
  An alligator snapping turtle (Shoals:2)
  14 anacondas
  Erolcha (D:11)
  Erica (Lair:2)
  12 centaur warriors
  2 merfolk avatars
  4 two-headed ogres
  11 satyrs
  2 death scarabs (Gauntlet)
  4 tengu warriors (D:15)
  Urug (D:11)
  7 death yaks
  3 merfolk aquamancers (Shoals:3)
  8 naga sharpshooters
  5 shock serpents
  3 orc high priests (Orc:2)
  2 wretched stars (Abyss:4)
  5 salamander mystics
  4 skeletal warriors (D:14)
  9 sea snakes
  A sixfirhy (Abyss:4)
  A spectral death yak (Gauntlet)
  2 shadow wraiths (Abyss:4)
  37 deep trolls
  6 naga ritualists
  12 ironbound convokers
  A spectral hydra (Gauntlet)
  6 orc knights
  A shadow dragon zombie (Vaults:2)
  19 harpies
  14 lindwurms
  4 wizards
  A necromancer (Vaults:2)
  2 deep elf zephyrmancers (Orc:2)
  12 mana vipers
  2 phantasmal warriors
  A spectral boulder beetle (Gauntlet)
  A lindwurm (shapeshifter) (Vaults:1)
  20 fauns
  2 deep elf pyromancers
  2 wolf spiders (Lair:6)
  4 orc sorcerers (Orc:2)
  24 ugly things
  7 cyclopes
  3 oklob plants
  21 manticores
  4 elephants (Lair:4)
  22 salamanders
  15 merfolk sirens
  2 ice statues (IceCv)
  5 water nymphs
  5 smoke demons (Abyss:4)
  39 black mambas
  12 cane toads
  2 human skeletons (Vaults:2)
  14 vault sentinels
  2 gargoyles
  13 naga magi
  A rust devil (Abyss:4)
  Maggie (D:8)
  7 large abominations
  An orange demon (Abyss:3)
  6 torpor snails
  9 guardian serpents
  5 rime drakes
  An efreet (D:14)
  A kobold demonologist (Abyss:4)
  An unseen horror (D:12)
  24 yaktaurs
  2 tengu conjurers (D:15)
  An ancient zyme (Abyss:4)
  A komodo dragon (shapeshifter) (Vaults:3)
  8 komodo dragons
  A queen bee (Gauntlet)
  10 hornets
  2 trolls
  13 merfolk
  A hornet (shapeshifter) (D:15)
  3 tyrant leeches (Lair:6)
  4 wind drakes
  15 blink frogs
  Grinder (D:4)
  5 polar bears
  20 slime creatures
  A spectral dream sheep (Gauntlet)
  2 raiju
  4 dream sheep (Shoals:3)
  9 snapping turtles
  An ettin zombie (Abyss:4)
  2 shadows (D:13)
  6 starcursed masses (Abyss:3)
  A vampire (D:12)
  A culicivora (shapeshifter) (D:8)
  A centaur simulacrum (D:14)
  5 wraiths
  40 yaks
  13 wyverns
  10 humans (D:13)
  15 water elementals
  A golden eye (shapeshifter) (D:15)
  3 chaos spawn
  A human (shapeshifter) (Abyss:4)
  An elf zombie (Vaults:2)
  2 vampire mosquitoes (D:14)
  5 basilisks
  2 neqoxecs
  2 redbacks (Lair:6)
  3 steam dragons
  A warg (Orc:1)
  51 nagas
  A human zombie (Vaults:2)
  3 spatial vortices (Abyss:4)
  28 water moccasins
  An acid dragon (D:12)
  2 black bears
  A swamp drake (shapeshifter) (Abyss:4)
  A swamp drake (Orc:2)
  2 ice beasts (D:6)
  3 sky beasts
  2 necrophages
  24 orc warriors
  5 ogres
  14 centaurs
  2 phantoms (D:6)
  5 small abominations
  13 bullfrogs
  A gnoll sergeant (D:9)
  2 scorpions
  A water moccasin zombie (D:6)
  A water moccasin skeleton (D:4)
  A wyvern skeleton (D:7)
  14 killer bees
  7 wights
  A lindwurm simulacrum (IceCv)
  3 electric eels
  A bullfrog zombie (D:6)
  5 howler monkeys
  6 komodo dragon simulacra (IceCv)
  A crimson imp (Orc:2)
  2 centaur zombies
  3 hounds
  22 orc priests
  A jelly (D:5)
  2 gnoll shamans
  A centaur skeleton (D:7)
  An iron imp (Orc:2)
  2 iguanas
  Ijyb (D:5)
  27 orc wizards
  A hound skeleton (D:3)
  A mummy (D:9)
  2 howler monkey zombies (D:8)
  6 acid dragon simulacra (IceCv)
  10 gnolls
  A howler monkey skeleton (D:5)
  6 adders
  3 shadow imps
  3 white imps
  An ufetubus (D:5)
  8 steam dragon simulacra (IceCv)
  An adder skeleton (D:4)
  2 worms
  5 dart slugs
  78 orcs
  6 endoplasms
  A giant cockroach (D:2)
  6 goblins
  5 hobgoblins
  6 kobolds
  4 quokkas
  8 ball pythons
  8 bats
  4 frilled lizards
  4 rats
  A fungus (Lair:6)
  4 starspawn tentacles
1336 creatures vanquished.

Vanquished Creatures (others)
  A salamander tyrant (Snake:4)
  A merfolk aquamancer (Shoals:2)
  A rime drake (IceCv)
  A centaur simulacrum (D:15)
  A human (D:13)
  A neqoxec (Abyss:4)
  5 orc wizards
  A white imp (Orc:2)
  4 orcs
  45 fungi
  A lurking horror (Abyss:4)
  130 plants
  21 starspawn tentacles
213 creatures vanquished.

Grand Total: 1549 creatures vanquished

Table legend: (Time is in decaauts)
 A = Elapsed time spent in this place.
 B = Non-inter-level travel time spent in this place.
 C = Inter-level travel time spent in this place.
 D = Time resting spent in this place.
 E = Time spent auto-exploring this place.
 F = Levels seen in this place.
 G = Mean time per level.
                   A        B        C        D        E       F      G
               +--------+--------+--------+--------+--------+-----+--------+
         Total |  54437 |  50703 |   3734 |  11394 |  27959 |  41 | 1327.7 |
       Dungeon |  18123 |  15997 |   2126 |   3834 |   8792 |  15 | 1208.2 |
        Temple |    193 |    170 |     23 |      0 |    162 |   1 |  193.0 |
          Lair |   8831 |   8155 |    676 |   2286 |   4224 |   6 | 1471.8 |
        Shoals |   5114 |   4937 |    177 |    436 |   3204 |   4 | 1278.5 |
     Snake Pit |  10220 |   9939 |    281 |   2257 |   6128 |   4 | 2555.0 |
  Orcish Mines |   2685 |   2569 |    116 |    868 |   1105 |   2 | 1342.5 |
        Vaults |   6844 |   6512 |    332 |   1011 |   3791 |   5 | 1368.8 |
         Abyss |   1124 |   1124 |      0 |    167 |    266 |   2 |  562.0 |
      Ice Cave |    703 |    703 |      0 |    318 |    119 |   1 |  703.0 |
      Gauntlet |    597 |    597 |      0 |    217 |    167 |   1 |  597.0 |
               +--------+--------+--------+--------+--------+-----+--------+

Top non-repeatable levels by time:
 Snake:4: 3364 daAuts
  Lair:6: 3263 daAuts
 Snake:3: 3022 daAuts
Shoals:3: 2339 daAuts
    D:11: 2268 daAuts
 Snake:1: 2199 daAuts
Vaults:2: 2101 daAuts
    D:10: 1740 daAuts
Vaults:4: 1730 daAuts
  Lair:4: 1698 daAuts
 Snake:2: 1634 daAuts
Vaults:1: 1594 daAuts
     D:7: 1509 daAuts
   Orc:1: 1501 daAuts
     D:6: 1459 daAuts

Table legend:
 A = Non-vault XP
 B = Vault XP
 C = Vault XP percentage of total XP
 D = Non-vault monster count
 E = Vault monster count
 F = Vault count percentage of total count
                 A         B        C        D         E       F
            +---------+---------+-------+---------+---------+-------
      Total |  283919 |  262339 |  48.0 |     867 |     466 |  35.0
            +---------+---------+-------+---------+---------+-------
        D:1 |      29 |       0 |   0.0 |      18 |       0 |   0.0
        D:2 |      59 |       0 |   0.0 |      24 |       0 |   0.0
        D:3 |      98 |       0 |   0.0 |      19 |       0 |   0.0
        D:4 |     395 |     277 |  41.2 |      11 |       1 |   8.3
        D:5 |     408 |      36 |   8.1 |      14 |       1 |   6.7
        D:6 |    1370 |       0 |   0.0 |      17 |       0 |   0.0
        D:7 |     915 |       0 |   0.0 |      20 |       0 |   0.0
        D:8 |    1178 |     404 |  25.5 |      22 |       1 |   4.3
        D:9 |    1478 |     649 |  30.5 |      21 |       5 |  19.2
       D:10 |     579 |    3434 |  85.6 |      13 |       7 |  35.0
       D:11 |    3532 |    3245 |  47.9 |      14 |      38 |  73.1
       D:12 |    2913 |       0 |   0.0 |      11 |       0 |   0.0
       D:13 |    4253 |    3610 |  45.9 |      11 |      13 |  54.2
       D:14 |   11983 |       0 |   0.0 |      28 |       0 |   0.0
       D:15 |    5769 |    4434 |  43.5 |      11 |       4 |  26.7
     Lair:1 |    1515 |       0 |   0.0 |       6 |       0 |   0.0
     Lair:2 |    4648 |     831 |  15.2 |      22 |       1 |   4.3
     Lair:3 |    1967 |       0 |   0.0 |       8 |       0 |   0.0
     Lair:4 |   12339 |     939 |   7.1 |      29 |       6 |  17.1
     Lair:5 |    6311 |    2319 |  26.9 |      22 |       7 |  24.1
     Lair:6 |    7694 |   17553 |  69.5 |      27 |      55 |  67.1
   Shoals:1 |   20336 |       0 |   0.0 |      37 |       0 |   0.0
   Shoals:2 |   16136 |       0 |   0.0 |      33 |       0 |   0.0
   Shoals:3 |   17954 |    4441 |  19.8 |      41 |       1 |   2.4
   Shoals:4 |    6324 |   24017 |  79.2 |      15 |      35 |  70.0
    Snake:1 |   12651 |       0 |   0.0 |      25 |       0 |   0.0
    Snake:2 |   10184 |    2888 |  22.1 |      23 |       7 |  23.3
    Snake:3 |   15273 |    4320 |  22.0 |      37 |       6 |  14.0
    Snake:4 |   17941 |   40284 |  69.2 |      39 |      60 |  60.6
      Orc:1 |    3573 |    1201 |  25.2 |      52 |       3 |   5.5
      Orc:2 |    1044 |    9486 |  90.1 |      11 |      34 |  75.6
   Vaults:1 |   20060 |   24363 |  54.8 |      29 |      29 |  50.0
   Vaults:2 |   14729 |   52482 |  78.1 |      29 |      48 |  62.3
   Vaults:3 |   24236 |   23430 |  49.2 |      36 |      31 |  46.3
   Vaults:4 |   27510 |    4656 |  14.5 |      33 |       4 |  10.8
   Vaults:5 |    6535 |   23566 |  78.3 |       6 |      26 |  81.2
    Abyss:3 |       0 |       0 |   N/A |      18 |       0 |   0.0
    Abyss:4 |       0 |       0 |   N/A |      35 |       0 |   0.0
      IceCv |       0 |    3411 | 100.0 |       0 |      28 | 100.0
   Gauntlet |       0 |    6063 | 100.0 |       0 |      15 | 100.0
            +---------+---------+-------+---------+---------+-------
